 Dungeon Crawl Stone Soup version 0.23.2-1-ga50397a6bc (webtiles) character file.

Game seed: 4577301862690272070

57 Marnok the Skirmisher (level 3, 0/33 HPs)
             Began as a Demonspawn Abyssal Knight on Apr 21, 2019.
             Was a Follower of Lugonu.
             Killed from afar by an orc wizard (8 damage)
             ... with a magic dart
             ... on level 3 of the Dungeon.
             The game lasted 00:05:15 (2540 turns).

Marnok the Skirmisher (Demonspawn Abyssal Knight)   Turns: 2540, Time: 00:05:16

Health: 0/33       AC:  3    Str: 13      XL:     3   Next: 73%
Magic:  5/5        EV: 15    Int: 13      God:    Lugonu [*.....]
Gold:   134        SH:  3    Dex: 16 (17) Spells: 2/2 levels left

rFire    + . .     SeeInvis +   a - +1 spear
rCold    . . .     Gourm    .   p - +0 buckler
rNeg     . . .     Faith    .   e - +0 leather armour
rPois    .         Spirit   .   (no helmet)
rElec    .         Reflect  .   (no cloak)
rCorr    .         Harm     .   (no gloves)
MR       .....                  (no boots)
Stlth    ++........             (no amulet)
HPRegen  0.00/turn              (no ring)
MPRegen  0.09/turn              (no ring)

@: agile, flying
A: see invisible, deterioration 1, fire resistance 1, robust 1, inhibited
regeneration
a: Depart the Abyss, Renounce Religion


You were on level 3 of the Dungeon.
You worshipped Lugonu.
Lugonu was aware of your devotion.
You were very hungry.

You visited 1 branch of the dungeon, and saw 3 of its levels.
You visited the Abyss 1 time.

You collected 134 gold pieces.

Inventory:

Hand Weapons
 a - a +1 spear (weapon)
Armour
 b - a +0 leather armour
 e - a +0 leather armour (worn)
 p - a +0 buckler (worn)
Jewellery
 q - an uncursed ring of positive energy
Wands
 t - a wand of random effects (28)
Scrolls
 f - a scroll of remove curse
 j - a scroll of amnesia
Potions
 h - 2 potions of curing
 m - a potion of invisibility {unknown}
 r - a potion of heal wounds {unknown}
 u - a potion of brilliance {unknown}
Comestibles
 c - 6 rations


   Skills:
 + Level 3.7 Fighting
 + Level 2.5 Polearms
 + Level 2.1 Armour
 + Level 0.8 Dodging
 + Level 0.2 Stealth
 + Level 2.8 Invocations


You had 2 spell levels left.
You didn't know any spells.
Your spell library was empty.

Dungeon Overview and Level Annotations

Branches:
Dungeon (3/15)

Altars:


Innate Abilities, Weirdness & Mutations

Your flesh is heat resistant. (rF+)
You have supernaturally acute eyesight. (SInv)
Your body sometimes deteriorates upon taking damage.
You are robust. (+10% HP)
You do not regenerate when monsters are visible.


Message History

You hit the orc wizard.
The orc wizard is lightly wounded.
The orc wizard hits you but does no damage.
Your leather armour prevents you from hitting the orc wizard.
The orc wizard is lightly wounded.
The orc wizard barely misses you.
You hit the orc wizard.
The orc wizard is lightly wounded.
A frilled lizard comes into view.
It was a potion of flight.
You feel very buoyant.
You fly up into the air.
It was a potion of magic.
Magic courses through your body. The orc hits you with a +0 falchion.
* * * LOW HITPOINT WARNING * * *
You feel agile all of a sudden.
A leopard gecko comes into view.
The orc wizard casts a spell at you. The magic dart hits you!
You die... #l# #.# # #.# ######### lo.

#......<# #o#
#.......# #o#
#.......# #.##
#.......# #@o#
#.......# ##.#
#.......# #.#
#.......###
###.##########.....
#......# ######
#.#.##.#
#.#.##.######
#.#.........#
#.####.####.# ###


You could see an orc priest, an orc wizard, 2 orcs, a leopard gecko (wandering)
and a frilled lizard.

Vanquished Creatures
  An adder (D:2)
  A dart slug (D:1)
  7 bats
  2 giant cockroaches
  6 goblins
  3 hobgoblins
  7 jackals
  2 frilled lizards
  6 kobolds
  8 rats
43 creatures vanquished.

Notes
Turn   | Place    | Note
-------+----------+-------------------------------------------
     0 | Abyss:1  | Marnok the Demonspawn Abyssal Knight began the quest for
                  | the Orb.
     0 | Abyss:1  | Reached XP level 1. HP: 18/18 MP: 2/2
    42 | Abyss:1  | Noticed a tentacled monstrosity
    43 | D:1      | Escaped the Abyss
    78 | D:1      | You fall through a shaft!
   308 | D:1      | Gained mutation: Your flesh is heat resistant. (rF+)
                  | [demonic ancestry]
   308 | D:1      | Reached XP level 2. HP: 10/24 MP: 3/3
   670 | D:1      | Reached * piety under Lugonu
   800 | D:1      | Reached XP level 3. HP: 10/30 MP: 5/5
  2097 | D:3      | Gained mutation: You possess an exceptional clarity of
                  | mind. [potion of mutation]
  2097 | D:3      | Gained mutation: You have supernaturally acute eyesight.
                  | (SInv) [potion of mutation]
  2097 | D:3      | Gained mutation: You do not regenerate when monsters are
                  | visible. [potion of mutation]
  2097 | D:3      | Gained mutation: You expend magic power (3 MP) to
                  | strengthen your wands. [potion of mutation]
  2105 | D:3      | Lost mutation: You possess an exceptional clarity of mind.
                  | [potion of mutation]
  2105 | D:3      | Lost mutation: You expend magic power (3 MP) to strengthen
                  | your wands. [potion of mutation]
  2105 | D:3      | Gained mutation: Your body sometimes deteriorates upon
                  | taking damage. [potion of mutation]
  2105 | D:3      | Lost mutation: Your body sometimes deteriorates upon taking
                  | damage. [potion of mutation]
  2105 | D:3      | Gained mutation: Your body sometimes deteriorates upon
                  | taking damage. [potion of mutation]
  2105 | D:3      | Gained mutation: You are robust. (+10% HP) [potion of
                  | mutation]
  2540 | D:3      | Killed from afar by an orc wizard

Skill      XL: |  1  2 |
---------------+-------+-----
Armour         | 2 |  2.1
Polearms       | 2 |  2.5
Fighting       | |  3.7
Dodging        | |  0.8
Stealth        | |  0.2
Invocations    | |  2.8

Action                   || total
-------------------------++-------
Melee: Spear             ||   147
Invok: Depart the Abyss  ||     1
  Use: Scroll            ||     9
       Potion            ||     5
  Eat: Chunk             ||     4
Armor: Leather armour    ||    46
Dodge: Dodged            ||    92
Block: Buckler           ||     7
